 Dungeon Crawl Stone Soup version 0.30-a0-241-g1121274140 (webtiles) character file.

Game seed: 11779722176508221717

320 porpoise the Chiller (level 6, 0/52 HPs)
             Began as a Barachi Ice Elementalist on Oct 11, 2022.
             Killed from afar by Natasha (7 damage)
             ... with a bolt of light
             ... on level 4 of the Dungeon.
             The game lasted 00:12:55 (4431 turns).

porpoise the Chiller (Barachi Ice Elementalist)     Turns: 4431, Time: 00:12:56

Health: 0/52       AC:  3    Str: 10    XL:     6   Next: 46%
Magic:  19/19      EV: 11    Int: 17    God:
Gold:   166        SH:  0    Dex: 12    Spells: 4/11 levels left

rFire   . . .      SeeInvis .    a - +1 dagger (venom)
rCold   . . .      Faith    .    (no shield)
rNeg    . . .      Spirit   .    s - +0 leather armour
rPois   .          Reflect  .    (no helmet)
rElec   .          Harm     .    (no cloak)
rCorr   .          Rampage  .    (no gloves)
Will    .....                    (no boots)
Stlth   ++........               (no amulet)
HPRegen 0.28/turn                q - ring of magical power
MPRegen 0.16/turn                (no ring)

@: slow
A: amphibious, slowness 1, strong legs 1, +LOS
a: Hop


You were on level 4 of the Dungeon.
You visited 1 branch of the dungeon, and saw 4 of its levels.

You collected 166 gold pieces.

Inventory:

Hand Weapons
 a - a +1 dagger of venom (weapon)
 b - a +0 rapier
Missiles
 h - 4 poisoned darts
Armour
 d - a +0 robe
 s - a +0 leather armour (worn)
Jewellery
 q - a ring of magical power (left hand)
Scrolls
 e - a scroll of amnesia {unknown}
 f - a scroll of fear {unknown}
 i - 2 scrolls of immolation {unknown}
 j - a scroll of blinking {unknown}
 l - a scroll of brand weapon {unknown}
Potions
 c - a potion of attraction
 g - a potion of magic
 k - a potion of invisibility
 m - a potion of curing {unknown}
 n - 2 potions of heal wounds
 o - 3 potions of might
 r - 2 potions of resistance {unknown}


   Skills:
 * Level 5.7 Fighting
 - Level 2.1 Dodging
 - Level 1.7 Stealth
 - Level 3.0 Spellcasting
 + Level 6.3 Ice Magic


You had 4 spell levels left.
You knew the following spells:

 Your Spells              Type           Power      Damage    Failure   Level
a - Freeze                Ice            96%        1d10      1%          1
b - Frozen Ramparts       Ice            48%        1d8       5%          3
c - Ozocubu's Armour      Ice            24%        N/A       5%          3

Your spell library contained the following spells:

 Spells                   Type           Power      Damage    Failure   Level
 Summon Ice Beast         Ice/Summ       13%        N/A       54%         4


Dungeon Overview and Level Annotations

Branches:
Dungeon (4/15)
 Temple: D:4-7

Altars:
Ashenzari
Nemelex Xobeh
Qazlal

Annotations:
D:4 Natasha


Innate Abilities, Weirdness & Mutations

You are amphibious.
You cover ground slowly.
You can hop short distances.
You have an extended range of vision and can be seen from far away.


Message History

Natasha zaps a wand.
The bolt of light hits you.
You are more confused.
Natasha mumbles some strange words.
Natasha glows brightly for a moment.
Natasha casts a spell at you. You resist with some effort.
Natasha zaps a wand.
The bolt of light misses you.
You feel less confused. Natasha closely misses you. x2
You hit Natasha.
Natasha is poisoned.
Natasha is lightly wounded.
Natasha growls.
Natasha claws you but does no damage.
You barely miss Natasha.
Natasha is lightly wounded.
Natasha casts a spell at you. The magic dart hits you.
You hit Natasha but do no damage.
Natasha looks as sick as possible!
Natasha is lightly wounded.
Natasha claws you but does no damage.
You hit Natasha.
Natasha looks as sick as possible!
Natasha is moderately wounded.
Natasha barely misses you.
You hit Natasha.
Natasha looks as sick as possible!
Natasha is heavily wounded.
Natasha claws you.
You hit Natasha.
Natasha looks as sick as possible!
Natasha is severely wounded.
You kill Natasha!
Natasha screams in fury as she dies!
Natasha, Servant of Life and Death comes into view.
She is carrying a wand of light (7).
Natasha casts a spell.
Natasha zaps a wand.
The bolt of light hits you!!
* * * LOW HITPOINT WARNING * * *
The white imp grinds its teeth.
Natasha closely misses you.
You hit Natasha.
Natasha is poisoned.
Natasha is moderately wounded.
Natasha zaps a wand.
The bolt of light hits you!
You die...

#.....#########........>##<## .
#..............)..........).. .
#.....##### #..#####..##...## .
###.......###.# ##...###..... .
##........##.###..####..###. .
####............).).## #.... .
.##.......<.....#.##.####...~~ ~
.#..##..........#...).....~~~..
~
.#.###..........@h_...~~~~~....
.
...###........~~~5..~~~......~~~
...............~≈≈~~≈......~~
....##...........~~≈...~~~~~~
.#............~......~~~~~~..
.#..##........~~~...~~~.....#
.##.##..........≈~~~~...##### .
#.##..................# .
#............###.#....#


You could see Natasha (very poisoned) and a white imp (summoned).

Vanquished Creatures
  2 orc priests
  2 iguanas (D:4)
  Natasha (D:4)
  2 orc wizards (D:3)
  3 gnolls (D:4)
  3 adders
  A worm (D:3)
  2 dart slugs (D:2)
  7 orcs
  10 ball pythons
  3 bats (D:1)
  3 endoplasms (D:1)
  3 giant cockroaches
  6 goblins
  3 hobgoblins
  10 jackals
  2 quokkas (D:1)
  3 kobolds
  6 rats
72 creatures vanquished.

Vanquished Creatures (others)
  A dart slug (D:1)
  2 fungi (D:2)
3 creatures vanquished.

Grand Total: 75 creatures vanquished

Notes
Turn   | Place    | Note
-------+----------+-------------------------------------------
     0 | D:1      | porpoise the Barachi Ice Elementalist began the quest for
                  | the Orb.
     0 | D:1      | Reached XP level 1. HP: 13/13 MP: 3/3
    74 | D:1      | Reached skill level 1 in Fighting
   140 | D:1      | Reached XP level 2. HP: 19/21 MP: 0/5
   224 | D:1      | Reached skill level 5 in Ice Magic
   650 | D:1      | Reached XP level 3. HP: 17/27 MP: 4/6
  1068 | D:1      | Learned a level 3 spell: Frozen Ramparts
  1072 | D:1      | Learned a level 3 spell: Ozocubu's Armour
  2038 | D:2      | Reached XP level 4. HP: 24/34 MP: 5/8
  2462 | D:2      | Found a faded altar of an unknown god.
  2802 | D:3      | Reached XP level 5. HP: 33/42 MP: 9/9
  2919 | D:3      | Found a broken altar of Ashenzari.
  2920 | D:3      | Found a stormy altar of Qazlal.
  3872 | D:4      | Reached skill level 6 in Ice Magic
  3879 | D:4      | Reached skill level 5 in Fighting
  3879 | D:4      | Reached XP level 6. HP: 21/51 MP: 10/10
  3998 | D:4      | Found a sparkling altar of Nemelex Xobeh.
  4047 | D:4      | Noticed Natasha
  4423 | D:4      | Killed Natasha
  4424 | D:4      | Noticed Natasha
  4431 | D:4      | Killed from afar by Natasha

Illustrated notes

Levels and vault maps discovered:
D:1:      dpeg_arrival_lava_temple_mockup, layout_basic, nrook_mini_backslash,
          lemuel_flame_loot_1
D:2:      layout_loops_corners, shapermc_ecumenical_altar_petra
D:3:      layout_loops_corners, mainiacjoe_overflow_divided_tiny
D:4:      layout_rooms, amcnicky_altar_gilded,
          mainiacjoe_overflow_catch_the_wave, serial_shops,
          nicolae_shop_temple_entry_statues_fountains,
          chequers_serial_rivers_micro_d, uniq_natasha

Skill      XL: |  1  2  3  4  5 |
---------------+----------------+-----
Fighting       | 1 2 4 5 |  5.7
Ice Magic      | 5 6 |  6.3
Spellcasting   | 3 |  3.0
Dodging        | |  2.1
Stealth        | |  1.7

Action                   |  1- 3 |  4- 6 || total
-------------------------+-------+-------++-------
Melee: Unarmed           |    13 |       ||    13
       Punch             |     2 |     1 ||     3
       Dagger            |    45 |   114 ||   159
       Rapier            |    32 |     1 ||    33
       Short sword       |     3 |       ||     3
 Cast: Freeze            |    33 |    14 ||    47
       Frozen Ramparts   |     1 |       ||     1
  Use: Scroll            |       |     5 ||     5
 Stab: Sleeping          |     4 |     1 ||     5
Armor: Robe              |    31 |     7 ||    38
       Leather armour    |       |    12 ||    12
Dodge: Dodged            |    92 |    64 ||   156

Table legend: (Time is in decaauts)
 A = Elapsed time spent in this place.
 B = Non-inter-level travel time spent in this place.
 C = Inter-level travel time spent in this place.
 D = Time resting spent in this place.
 E = Time spent auto-exploring this place.
 F = Levels seen in this place.
 G = Mean time per level.
                   A        B        C        D        E       F      G
               +--------+--------+--------+--------+--------+-----+--------+
         Total |   4913 |   4797 |    116 |   1524 |   2498 |   4 | 1228.2 |
       Dungeon |   4913 |   4797 |    116 |   1524 |   2498 |   4 | 1228.2 |
               +--------+--------+--------+--------+--------+-----+--------+

Top non-repeatable levels by time:
     D:3: 1513 daAuts
     D:1: 1442 daAuts
     D:2: 1353 daAuts
     D:4: 604 daAuts
